 Dungeon Crawl Stone Soup version 0.19.0-19-g8c6edcc (webtiles) character file.

1206 JeffiDaFish the Cudgeler (level 8, -8/48 HPs)
             Began as a Gargoyle Fighter on Nov 13, 2016.
             Was a Follower of Makhleb.
             Mangled by an orc warrior
             ... wielding a +0 battleaxe
              (11 damage)
             ... on level 6 of the Dungeon.
             The game lasted 00:11:38 (4456 turns).

JeffiDaFish the Cudgeler (Gargoyle Fighter)         Turns: 4456, Time: 00:11:39

Health: -8/48      AC: 17    Str: 21    XL:     8   Next: 45%
Magic:  8/8        EV:  8    Int:  9    God:    Makhleb [*.....]
Gold:   292        SH:  0    Dex: 10    Spells: 0 memorised, 7 levels left

rFire  . . .     SeeInvis .     j - +8 mace
rCold  + . .     Gourm    .     m - +1 chain mail
rNeg   + . .     Faith    .     (no shield)
rPois  ∞         Spirit   .     (no helmet)
rElec  +         Reflect  .     c - +0 cloak
rCorr  .         Harm     .     (no gloves)
MR     .....                    (no boots)
Stlth  ..........               (no amulet)
                                (no ring)
                                i - ring of protection from cold (curse)

@: no status effects
A: negative energy resistance 1, electricity resistance, unbreathing,
petrification resistance, rot immunity, AC +5
a: Renounce Religion


You were on level 6 of the Dungeon.
You worshipped Makhleb.
Makhleb was aware of your devotion.
You were not hungry.

You visited 1 branch of the dungeon, and saw 7 of its levels.
You also visited: Bailey.

You collected 292 gold pieces.

Inventory:

Hand Weapons
 j - a +8 mace (weapon)
Armour
 c - a +0 cloak (worn)
 e - a +2 large shield
 m - a +1 chain mail (worn)
Jewellery
 i - a cursed ring of protection from cold (left hand)
Wands
 a - a wand of slowing (30/48)
Scrolls
 b - 2 scrolls of remove curse
 n - a scroll of teleportation
 o - a scroll of immolation
Potions
 d - 2 potions of might
 l - 2 potions of agility
Comestibles
 f - 3 bread rations
 g - 3 meat rations
 k - a beef jerky


   Skills:
 + Level 4.9 Fighting
 + Level 6.5 Maces & Flails
 + Level 4.6 Armour
 + Level 2.3 Dodging
 + Level 0.8 Stealth
 + Level 6.4 Shields


You had 7 spell levels left.
You didn't know any spells.

Dungeon Overview and Level Annotations

Branches:
Dungeon (7/15)
 Temple: D:4-7

Altars:
Cheibriados
Fedhas
Makhleb
Qazlal
Sif Muna
Trog
Uskayaw


Innate Abilities, Weirdness & Mutations

You are resistant to torment.
Your stone body is resilient. (AC +5)
You are immune to poison.
You resist negative energy. (rN+)
You are resistant to electric shocks. (rElec)
You can survive without breathing.
You are immune to petrification.
You are immune to rotting.


Message History

The orc warrior is heavily wounded.
The orc closely misses you.
The crimson imp blinks!
The orc warrior hits you with a battleaxe!!
* * * LOW HITPOINT WARNING * * *
The orc hits you but does no damage.
Unknown command.
You are too injured to fight recklessly!
You are too injured to fight recklessly!
Unknown command.
You are too injured to fight recklessly!
You sock the orc warrior!
The orc warrior is almost dead.
The orc hits you but does no damage. x2
The orc warrior hits you with a battleaxe!
* * * LOW HITPOINT WARNING * * *
You hit the orc warrior.
The orc warrior is almost dead.
The orc hits you but does no damage. x2
The orc warrior hits you with a battleaxe!
You die...

..............^.#
....###..####...#
##. ##..# #...#
##.# #...# #.#
##### #.## # #..#
....####.#
.....oo@.#
....?.oo.#
...........
............#
..............
...............
.(....5...##...
........... ...


You could see an orc warrior, an orc priest, a crimson imp and 2 orcs.

Vanquished Creatures
  Sigmund (D:3)
  An ice beast (D:4)
  A sky beast (D:7)
  2 big kobolds (D:7)
  A bullfrog (D:5)
  A scorpion (D:4)
  A hound (D:4)
  Crazy Yiuf (D:2)
  3 orc priests
  3 orc wizards
  Natasha (thrice) (D:3)
  A bullfrog skeleton (D:6)
  Jessica (D:3)
  Ijyb (D:2)
  A worker ant (D:4)
  7 adders
  A shadow imp (D:3)
  An ooze (D:3)
  An adder skeleton (D:7)
  3 worms
  3 dart slugs (D:3)
  3 leopard geckos
  18 orcs
  A ball python (D:7)
  8 giant cockroaches
  9 goblins
  5 hobgoblins
  2 jackals (D:4)
  12 kobolds
  2 quokkas (D:4)
  5 bats
  2 frilled lizards
  7 rats
112 creatures vanquished.

Notes
Turn   | Place    | Note
-------+----------+-------------------------------------------
     0 | D:1      | JeffiDaFish the Gargoyle Fighter began the quest for the Orb.
     0 | D:1      | Reached XP level 1. HP: 14/14 MP: 1/1
    57 | D:1      | Reached XP level 2. HP: 19/19 MP: 2/2
   450 | D:2      | Reached XP level 3. HP: 17/24 MP: 3/3
   810 | D:2      | Found a stormy altar of Qazlal.
  1083 | D:2      | Found a hide-covered altar of Uskayaw.
  1083 | D:2      | Found a bloodstained altar of Trog.
  1120 | D:2      | Found a runed door.
  1124 | D:2      | Noticed Crazy Yiuf
  1133 | D:2      | Killed Crazy Yiuf
  1133 | D:2      | Reached XP level 4. HP: 18/29 MP: 4/4
  1370 | D:2      | Noticed Ijyb
  1387 | D:2      | Killed Ijyb
  1387 | D:2      | Reached skill level 1 in Dodging
  1891 | D:3      | Found a snail-covered altar of Cheibriados.
  1896 | D:3      | Reached XP level 5. HP: 33/33 MP: 5/5
  1947 | D:3      | Noticed Natasha
  1955 | D:3      | Killed Natasha
  2120 | D:3      | Noticed Natasha
  2126 | D:3      | Killed Natasha
  2147 | D:3      | Noticed Natasha
  2152 | D:3      | Killed Natasha
  2201 | D:3      | Noticed Jessica
  2206 | D:3      | Killed Jessica
  2206 | D:3      | Reached XP level 6. HP: 34/38 MP: 6/6
  2386 | D:3      | Noticed Sigmund
  2396 | D:3      | Killed Sigmund
  2396 | D:3      | Reached XP level 7. HP: 24/44 MP: 7/7
  2881 | D:4      | Reached skill level 5 in Shields
  3115 | D:4      | Reached skill level 5 in Maces & Flails
  3573 | D:5      | Entered Level 5 of the Dungeon
  3656 | D:5      | Found a snail-covered altar of Cheibriados.
  3742 | D:5      | Found a blossoming altar of Fedhas.
  3742 | D:5      | Found a burning altar of Makhleb.
  3744 | D:5      | Found a deep blue altar of Sif Muna.
  3749 | D:5      | Became a worshipper of Makhleb the Destroyer
  3781 | D:5      | You fall through a shaft for 2 floors!
  3847 | D:7      | Reached XP level 8. HP: 47/48 MP: 8/8
  4300 | D:7      | Found a flagged portal.
  4308 | D:7      | Got a slimy halberd
  4317 | D:7      | Identified the +8 halberd of Hubris {vamp, rF+ rN+ Int+2} (You found it on level 7 of the Dungeon)
  4322 | Bailey   | Entered a bailey
  4446 | D:6      | Reached * piety under Makhleb
  4455 | D:6      | HP: 2/48 [orc warrior/battleaxe (11)]
  4456 | D:6      | Mangled by an orc warrior

Skill      XL: |  1  2  3  4  5  6  7  8 |
---------------+-------------------------+-----
Shields        | 4 5 6 |  6.4
Fighting       | 4 |  4.9
Dodging        | 1 2 |  2.3
Maces & Flails | 3 4 5 6 |  6.5
Armour         | 4 |  4.6
Stealth        | |  0.8

Action                   |  1- 3 |  4- 6 |  7- 9 || total
-------------------------+-------+-------+-------++-------
Melee: Flail             |   103 |       |       ||   103
       Mace              |       |    93 |   177 ||   270
  Use: Scroll            |     6 |     5 |     4 ||    15
       Potion            |     1 |     2 |     1 ||     4
  Eat: Chunk             |     1 |     4 |     7 ||    12
       Meat ration       |       |       |     1 ||     1
Armor: Scale mail        |    55 |    42 |       ||    97
       Chain mail        |       |       |   141 ||   141
Dodge: Dodged            |    41 |    29 |    42 ||   112
Block: Shield            |    57 |       |       ||    57
       Large shield      |    11 |    82 |   178 ||   271
